 Dungeon Crawl Stone Soup version 0.31-a0-848-gaac375c287 (webtiles) character file.

Game seed: 14826132913968014155

284 croobank the Sneak (level 6, -7/43 HPs)
             Began as an Octopode Delver on Oct 4, 2023.
             Was an Initiate of Gozag.
             Mangled by an ogre
             ... wielding a +0 giant club
              (23 damage)
             ... on level 4 of the Dungeon.
             The game lasted 00:03:48 (592 turns).

croobank the Sneak (Octopode Delver)                 Turns: 592, Time: 00:03:48

Health: -7/43      AC:  1    Str: 11    XL:     6   Next: 29%
Magic:  6/6        EV: 14    Int: 12    God:    Gozag
Gold:   53         SH:  0    Dex: 16    Spells: 5/5 levels left

rFire   . . .        a - +0 short sword
rCold   . . .        (no shield)
rNeg    . . .        (helmet restricted)
rPois   .            (no amulet)
rElec   .            (no ring)
rCorr   .            (no ring)
SInv    .            (no ring)
Will    .....        (no ring)
Stlth   +++++        (no ring)
HPRegen 0.27/turn    (no ring)
MPRegen 0.10/turn    (no ring)
                     (no ring)

%: no passive effects
@: gold aura
A: almost no armour, amphibious, 8 rings, camouflage 1, gelatinous body 1,
(nimble swimmer 1), tentacles
a: Renounce Religion, Potion Petition, Call Merchant, Bribe Branch


You were on level 4 of the Dungeon.
You worshipped Gozag.
Gozag was noncommittal.
You visited 2 branches of the dungeon, and saw 5 of its levels.

You collected 106 gold pieces.
You paid 53 gold pieces to Gozag.

Inventory:

Hand Weapons
 a - a +0 short sword (weapon)
 d - a +0 flail
Wands
 f - a wand of digging (3)
Scrolls
 b - a scroll of fog
 c - a scroll of revelation
 g - a scroll of blinking {unknown}
 h - 2 scrolls of vulnerability {unknown}
Potions
 e - a potion of lignification {unknown}


   Skills:
 + Level 4.2 Fighting
 + Level 3.5 Short Blades
 + Level 3.5 Dodging
 + Level 7.9 Stealth


You had 5 spell levels left.
You didn't know any spells.
Your spell library contained the following spells:

 Spells                   Type           Power      Damage    Failure   Level
 Kiss of Death            Conj/Necr      0%         2d5       32%         1
 Confusing Touch          Hex            0%         N/A       69%         3
 Dispel Undead            Necr           0%         3d6       97%         4


Dungeon Overview and Level Annotations

Branches:
Dungeon (7/15)             Temple (1/1) D:6

Altars:
Ashenzari
Dithmenos
Elyvilon
Fedhas
Gozag
Kikubaaqudgha
Makhleb
Nemelex Xobeh
Okawaru
Ru
Sif Muna
Trog
Vehumet
Wu Jian
Xom
Yredelemnul
Zin
The Shining One


Innate Abilities, Weirdness & Mutations

You cannot wear most types of armour.
You are amphibious.
You can wear up to eight rings at the same time.
Your skin changes colour to match your surroundings (Stealth+).
Your rubbery body absorbs attacks. (AC +1, EV +1)
((You are camouflaged when in or above water. (Stealth+)))
You have tentacles for arms and can constrict up to eight enemies at once.


Message History

An iguana comes into view.
The helpless iguana fails to defend itself.
You impale the iguana!!
You kill the iguana!
You now have 53 gold pieces (gained 9).
Found 6 gold pieces.
Found two stone staircases leading down.
The kobold shouts!
You start waiting.
A kobold is nearby!
The kobold barely misses you.
You closely miss the kobold. Your grab misses the kobold.
The kobold misses you.
You hit the kobold. You grab the kobold.
The kobold is moderately wounded.
You constrict the kobold, but do no damage.
The kobold misses you.
You hit the kobold.
The kobold is severely wounded.
You constrict the kobold.
You kill the kobold!
You hit the ogre. You squeeze the ogre.
The ogre is moderately wounded.
The ogre is distracted by your dazzling golden aura.
You barely miss the ogre.
The ogre is no longer distracted by gold.
The ogre shouts!
You tentacle-slap the ogre.
The ogre is heavily wounded.
The ogre hits you with a +0 giant club!!
Ouch! That really hurt!
You hit the ogre.
The ogre is heavily wounded.
You hit the ogre.
The ogre is severely wounded.
A giant cockroach comes into view.
The ogre hits you with a +0 giant club!!
Ouch! That really hurt!
You die...
Your body crumbles into a pile of gold.

#.../......# ##..#
#......$...# #..##
#.>......## #.##
#..........# #.#
...........## ####.#
............## #....#
#.......#.#..# #.####
......###.##O#######.####
.#.>## ..##@..#........#
.## .#..###..........#
####. ##.........# .
##B.......# #........#
.........# #...........
#........... #.........


You could see an ogre and a giant cockroach.

Vanquished Creatures
  2 ogres (D:6)
  A bullfrog (D:7)
  2 iguanas
  A white imp (D:7)
  A kobold (D:4)
7 creatures vanquished.

Notes
Turn   | Place    | Note
-------+----------+-------------------------------------------
     0 | D:5      | croobank the Octopode Delver began the quest for the Orb.
     0 | D:5      | Reached XP level 1. HP: 16/16 MP: 1/1
    11 | D:6      | Noticed an ogre
    11 | D:6      | Found a staircase to the Ecumenical Temple.
    45 | D:6      | Killed an ogre
    46 | D:6      | Reached skill level 7 in Stealth
    46 | D:6      | Reached XP level 2. HP: 14/21 MP: 2/2
    46 | D:6      | Reached XP level 3. HP: 17/26 MP: 3/3
    46 | D:6      | Reached XP level 4. HP: 21/32 MP: 4/4
    98 | Temple   | Entered the Ecumenical Temple
   166 | Temple   | Became a worshipper of Gozag Ym Sagoz the Greedy
   256 | D:6      | Noticed an ogre
   269 | D:6      | Killed an ogre
   270 | D:6      | Reached XP level 5. HP: 37/37 MP: 5/5
   438 | D:7      | Reached XP level 6. HP: 35/43 MP: 6/6
   592 | D:4      | Mangled by an ogre

Illustrated notes

Levels and vault maps discovered:
D:4:      minmay_skewed_foursquare, layout_rooms, uniq_pikel
D:5:      lemuel_insect_pit, layout_rooms, uniq_blork_the_orc, uniq_edmund
D:6:      layout_cave_pods, minmay_temple_entry_offerings,
          minmay_misc_feat_enclosed, nicolae_sextant, dreamdust_wishing_well,
          minmay_manual_mail
D:7:      layout_rooms
Temple:   dpeg_five_rooms_temple

Skill      XL: |  1  2  3  4  5 |
---------------+----------------+-----
Stealth        | 7 |  7.9
Short Blades   | 3 |  3.5
Dodging        | 3 |  3.5
Fighting       | 4 |  4.2

Action                     |  1- 3 |  4- 6 || total
---------------------------+-------+-------++-------
  Melee: Short sword       |     6 |    22 ||    28
         Tentacles         |     1 |     6 ||     7
         Constrict         |       |     3 ||     3
         Punch             |       |     1 ||     1
    Use: Scroll            |     2 |       ||     2
         Potion            |     1 |       ||     1
   Stab: Sleeping          |       |     3 ||     3
 Armour: Skin              |       |     6 ||     6
  Dodge: Dodged            |     3 |     8 ||    11

Table legend: (Time is in decaauts)
 A = Elapsed time spent in this place.
 B = Non-inter-level travel time spent in this place.
 C = Inter-level travel time spent in this place.
 D = Time resting spent in this place.
 E = Time spent auto-exploring this place.
 F = Levels seen in this place.
 G = Mean time per level.
                   A        B        C        D        E       F      G
               +--------+--------+--------+--------+--------+-----+--------+
         Total |    572 |    424 |    148 |    161 |     31 |   5 |  114.4 |
       Dungeon |    463 |    421 |     42 |    161 |     31 |   4 |  115.8 |
        Temple |    109 |      3 |    106 |      0 |      0 |   1 |  109.0 |
               +--------+--------+--------+--------+--------+-----+--------+

Top non-repeatable levels by time:
     D:7: 197 daAuts
     D:6: 139 daAuts
  Temple: 109 daAuts
     D:4: 84 daAuts
     D:5: 41 daAuts
